[Event "ICC tourney 2349 (60 10)"]
[Site "Internet Chess Club"]
[Date "2021.01.30"]
[Round "1"]
[White "ChessTempest"]
[Black "agent1337"]
[Result "0-1"]
[ICCResult "White checkmated"]
[WhiteElo "1016"]
[BlackElo "1670"]
[Opening "Sicilian: Kan, 5.Nc3"]
[ECO "B43"]
[NIC "SI.41"]
[Time "10:06:05"]
[PlyCount "66"]
[TimeControl "3600+10"]

1. e4 c5 2. Nf3 e6 3. d4 cxd4 4. Nxd4 a6 5. Nc3 Qc7 6. Be3 Bb4 7. Bd3 Bxc3+
8. bxc3 Qxc3+ 9. Qd2 Qxa1+ 10. Qd1 Qxd1+ 11. Kxd1 Nf6 12. Bg5 Ng4 13. Ke1
O-O 14. h3 Ne5 15. Be2 Nbc6 16. Nb3 f6 17. Be3 b5 18. Kd2 Nc4+ 19. Kc1 Nxe3
20. fxe3 Bb7 21. Rd1 Ne5 22. Nc5 Bc6 23. a4 bxa4 24. Bxa6 a3 25. Kb1 a2+
26. Kxa2 Bb5 27. Rd6 Bxa6 28. Nxa6 Nc6 29. Kb1 Rxa6 30. Rxd7 Rb8+ 31. Kc1
Ne5 32. Rd1 Nc4 33. Rd3 Ra1# { White checkmated } 0-1

[Event "ICC tourney 2349 (60 10)"]
[Site "Internet Chess Club"]
[Date "2021.01.30"]
[Round "1"]
[White "Aeneas"]
[Black "superandrew3"]
[Result "1-0"]
[ICCResult "Black checkmated"]
[WhiteElo "1690"]
[BlackElo "1142"]
[Opening "Sicilian: Scheveningen variation"]
[ECO "B80"]
[NIC "SI.19"]
[Time "10:06:05"]
[PlyCount "47"]
[TimeControl "3600+10"]

1. e4 c5 2. Nc3 e6 3. Nf3 d6 4. d4 cxd4 5. Nxd4 Nf6 6. Be3 a6 7. f3 b5 8.
Qd2 Bb7 9. Be2 Be7 10. O-O-O O-O 11. h4 b4 12. Nb1 Nbd7 13. g4 Rc8 14. g5
Ne8 15. h5 Ne5 16. Rdg1 Nc4 17. Bxc4 Rxc4 18. g6 a5 19. h6 e5 20. gxh7+ Kh8
21. hxg7+ Nxg7 22. Bh6 Ne8 23. Bxf8 Nf6 24. Bg7# { Black checkmated } 1-0

[Event "ICC tourney 2349 (60 10)"]
[Site "Internet Chess Club"]
[Date "2021.01.30"]
[Round "1"]
[White "espark"]
[Black "madscience08"]
[Result "1-0"]
[ICCResult "Black resigns"]
[WhiteElo "2322"]
[BlackElo "1604"]
[Opening "Sicilian: Najdorf"]
[ECO "B90"]
[NIC "SI.14"]
[Time "10:06:11"]
[PlyCount "45"]
[TimeControl "3600+10"]

1. e4 c5 2. Nf3 d6 3. d4 cxd4 4. Nxd4 Nf6 5. Nc3 a6 6. a3 e5 7. Nf5 Bxf5 8.
exf5 Be7 9. Bg5 Qd7 10. Bxf6 Bxf6 11. Nd5 Bd8 12. Bd3 O-O 13. Qh5 f6 14.
O-O Qf7 15. Qg4 Kh8 16. Bc4 Qd7 17. Rad1 Nc6 18. Qh5 Nd4 19. Rxd4 exd4 20.
Nf4 g6 21. Qh6 Rg8 22. Nxg6+ Rxg6 23. Qf8+ { Black resigns } 1-0

[Event "ICC tourney 2349 (60 10)"]
[Site "Internet Chess Club"]
[Date "2021.01.30"]
[Round "1"]
[White "AstonRoberts"]
[Black "iamtanmay"]
[Result "1-0"]
[ICCResult "Black resigns"]
[WhiteElo "1670"]
[BlackElo "997"]
[Opening "Giuoco Pianissimo"]
[ECO "C55"]
[NIC "IG.01"]
[Time "10:06:08"]
[PlyCount "45"]
[TimeControl "3600+10"]

1. e4 e5 2. Nf3 Nc6 3. Bc4 Nf6 4. d3 Bc5 5. c3 d6 6. O-O Bg4 7. Nbd2 O-O 8.
h3 Bh5 9. Re1 a6 10. Bb3 Re8 11. Nf1 b5 12. Ng3 Bg6 13. Nh4 b4 14. Ngf5 a5
15. Qf3 a4 16. Bc2 d5 17. Bg5 dxe4 18. dxe4 a3 19. Rad1 Qc8 20. Nxg7 Bxe4
21. Bxe4 Nxe4 22. Qxe4 Kxg7 23. Qxc6 { Black resigns } 1-0

[Event "ICC tourney 2349 (60 10)"]
[Site "Internet Chess Club"]
[Date "2021.01.30"]
[Round "1"]
[White "syunmaximus"]
[Black "vsausemicheal"]
[Result "0-1"]
[ICCResult "White checkmated"]
[WhiteElo "1112"]
[BlackElo "1679"]
[Opening "QGD Slav defense"]
[ECO "D43"]
[NIC "SL.01"]
[Time "10:06:20"]
[PlyCount "64"]
[TimeControl "3600+10"]

1. d4 c6 2. c4 d5 3. Nc3 Nf6 4. Bg5 e6 5. Nf3 Bb4 6. Bd2 O-O 7. e3 Nbd7 8.
Bd3 Bxc3 9. Bxc3 Ne4 10. O-O f5 11. Re1 Rf6 12. cxd5 exd5 13. Nd2 Rh6 14.
Nf3 Qe7 15. g3 Ndf6 16. Bxe4 fxe4 17. Ne5 Bh3 18. f4 exf3 19. Qxf3 Ne4 20.
a3 Rf8 21. Qe2 Rf2 22. Qxf2 Nxf2 23. Kxf2 Rf6+ 24. Ke2 Qf8 25. Kd1 Rf1 26.
Kc2 Qf2+ 27. Kb3 Rxe1 28. Rxe1 Qf5 29. Re2 Bf1 30. Rd2 Bc4+ 31. Nxc4 dxc4+
32. Kxc4 Qb5# { White checkmated } 0-1

[Event "ICC tourney 2349 (60 10)"]
[Site "Internet Chess Club"]
[Date "2021.01.30"]
[Round "1"]
[White "Seanblustin"]
[Black "turtlemasterjo"]
[Result "0-1"]
[ICCResult "White resigns"]
[WhiteElo "831"]
[BlackElo "1655"]
[Opening "Caro-Kann defense"]
[ECO "B10"]
[NIC "CK.01"]
[Time "10:06:14"]
[PlyCount "64"]
[TimeControl "3600+10"]

1. e4 c6 2. Nf3 d5 3. exd5 cxd5 4. d4 Nf6 5. Nc3 Nc6 6. Bb5 a6 7. Ba4 Bg4
8. h3 Bh5 9. a3 e6 10. Qd3 Bxf3 11. Qxf3 b5 12. Bb3 Nxd4 13. Qf4 Nxb3 14.
cxb3 Bd6 15. Qf3 O-O 16. O-O Nd7 17. Qg4 f5 18. Qe2 Re8 19. b4 d4 20. Nb1
e5 21. b3 e4 22. f3 Qb6 23. Kh1 d3 24. Qf2 Qxf2 25. Rxf2 e3 26. Rf1 e2 27.
Re1 Bg3 28. Bd2 Bxe1 29. Bxe1 Nb6 30. Nd2 Nd5 31. Rc1 Rac8 32. Ra1 Ne3 {
White resigns } 0-1

[Event "ICC tourney 2349 (60 10)"]
[Site "Internet Chess Club"]
[Date "2021.01.30"]
[Round "1"]
[White "kaleblancman"]
[Black "Chesssmolbrain"]
[Result "1-0"]
[ICCResult "Black resigns"]
[WhiteElo "1825"]
[BlackElo "1393"]
[Opening "Queen's pawn, Mason variation"]
[ECO "D00"]
[NIC "QP.08"]
[Time "10:06:53"]
[PlyCount "59"]
[TimeControl "3600+10"]

1. d4 d5 2. Bf4 Nf6 3. e3 Ne4 4. Bd3 f5 5. Nf3 e6 6. Ne5 Nf6 7. O-O Bd6 8.
c4 c6 9. Nc3 O-O 10. a3 Qe7 11. b4 a6 12. h3 Nbd7 13. Ne2 Bc7 14. Nxc6 bxc6
15. Bxc7 Ne4 16. Bh2 dxc4 17. Bxc4 Nb6 18. Bb3 Rd8 19. Rc1 Bb7 20. Nc3 Nxc3
21. Rxc3 Kh8 22. Qc2 a5 23. bxa5 Rxa5 24. a4 Nd5 25. Rc5 Rxc5 26. Qxc5 Qg5
27. Bxd5 exd5 28. Rb1 Qh5 29. Bg3 Qf7 30. Qa7 { Black resigns } 1-0

[Event "ICC tourney 2349 (60 10)"]
[Site "Internet Chess Club"]
[Date "2021.01.30"]
[Round "1"]
[White "Christopher166"]
[Black "ZhonglisMeteor"]
[Result "1-0"]
[ICCResult "Black checkmated"]
[WhiteElo "1872"]
[BlackElo "1425"]
[Opening "Petrov's defense"]
[ECO "C42"]
[NIC "RG.03"]
[Time "10:06:12"]
[PlyCount "69"]
[TimeControl "3600+10"]

1. e4 e5 2. Nf3 Nf6 3. Nxe5 Nc6 4. Nxc6 dxc6 5. Nc3 Bc5 6. Bc4 Qd4 7. Qe2
Ng4 8. f3 Ne5 9. Bb3 b5 10. a3 O-O 11. d3 b4 12. axb4 Bxb4 13. Bd2 Rd8 14.
h3 a5 15. f4 Nd7 16. Qe3 Nc5 17. Qxd4 Rxd4 18. Bc4 Be6 19. Bxe6 Nxe6 20.
Ne2 Bxd2+ 21. Kxd2 Rb4 22. b3 a4 23. Rxa4 Rbxa4 24. bxa4 Rxa4 25. Rb1 f6
26. Rb7 Ra6 27. f5 Nc5 28. Rxc7 Kf8 29. Nd4 Ra1 30. Rxc6 Nd7 31. Ne6+ Kg8
32. Rc7 Ne5 33. Rxg7+ Kh8 34. Rb7 Rg1 35. Rb8# { Black checkmated } 1-0

[Event "ICC tourney 2349 (60 10)"]
[Site "Internet Chess Club"]
[Date "2021.01.30"]
[Round "1"]
[White "tomkunisky"]
[Black "Strawberrydevil"]
[Result "0-1"]
[ICCResult "White resigns"]
[WhiteElo "993"]
[BlackElo "1668"]
[Opening "French: Tarrasch, open variation"]
[ECO "C07"]
[NIC "FR.18"]
[Time "10:06:16"]
[PlyCount "68"]
[TimeControl "3600+10"]

1. e4 e6 2. d4 d5 3. Nd2 c5 4. c3 cxd4 5. cxd4 Bb4 6. Qa4+ Nc6 7. Bb5 Bd7
8. Bxc6 Bxd2+ 9. Bxd2 Bxc6 10. Qc2 dxe4 11. Be3 Ne7 12. Ne2 Rc8 13. O-O Bb5
14. Qd2 Bd3 15. Rfc1 O-O 16. Rxc8 Nxc8 17. Nc3 Nd6 18. d5 exd5 19. Nxd5 Nc4
20. Qc3 Qxd5 21. Bxa7 Qg5 22. b3 Ne5 23. Be3 Qh5 24. Qc5 Re8 25. Rc1 Qg4
26. Kh1 Ng6 27. Qg5 Qxg5 28. Bxg5 f5 29. h3 h6 30. Be3 f4 31. Bd4 e3 32.
fxe3 fxe3 33. Kg1 Nf4 34. Re1 Ne2+ { White resigns } 0-1

[Event "ICC tourney 2349 (60 10)"]
[Site "Internet Chess Club"]
[Date "2021.01.30"]
[Round "1"]
[White "BlueberryAngel"]
[Black "Willixm"]
[Result "0-1"]
[ICCResult "White checkmated"]
[WhiteElo "1427"]
[BlackElo "1881"]
[Opening "Queen's pawn: stonewall attack"]
[ECO "D00"]
[NIC "QP.08"]
[Time "10:06:53"]
[PlyCount "88"]
[TimeControl "3600+10"]

1. d4 d5 2. e3 Nf6 3. Bd3 e6 4. f4 c5 5. c3 Nc6 6. Nf3 Bd6 7. O-O cxd4 8.
exd4 O-O 9. Ne5 Ne4 10. Nd2 f5 11. Rf3 Bxe5 12. fxe5 Qb6 13. Nb3 Nxe5 14.
Rh3 Nxd3 15. Qxd3 Qd8 16. Qf3 Rf6 17. Qh5 h6 18. Nd2 Ng5 19. Rg3 f4 20. Rd3
b6 21. Nf3 Ba6 22. Rd1 Be2 23. Re1 Bxf3 24. gxf3 Rf5 25. Qg4 Qd7 26. Kf2
Raf8 27. Rg1 Nh7 28. Bd2 Rg5 29. Qh4 Qb5 30. Rab1 Qd3 31. Rgd1 Qg6 32. Qh3
Rh5 33. Qg2 Ng5 34. Rh1 Nh3+ 35. Kf1 Qxb1+ 36. Ke2 Qxb2 37. Qg6 Qb5+ 38.
Ke1 Rhf5 39. Qg4 Qb1+ 40. Ke2 Qxh1 41. Qxh3 Rg5 42. Qxe6+ Kh8 43. Qe7 Rg2+
44. Kd3 Qb1# { White checkmated } 0-1

[Event "ICC tourney 2349 (60 10)"]
[Site "Internet Chess Club"]
[Date "2021.01.30"]
[Round "1"]
[White "Basher22"]
[Black "Jerickjavier18"]
[Result "1-0"]
[ICCResult "Black checkmated"]
[WhiteElo "1759"]
[BlackElo "1331"]
[Opening "King's Indian: fianchetto without c4"]
[ECO "E67"]
[NIC "KI.79"]
[Time "10:06:21"]
[PlyCount "45"]
[TimeControl "3600+10"]

1. d4 Nf6 2. Nf3 g6 3. g3 Bg7 4. Bg2 O-O 5. O-O d6 6. c4 Nbd7 7. Nc3 Nb6 8.
b3 Re8 9. Bb2 Bf5 10. Nh4 Bc8 11. Qc2 Nfd7 12. Nf3 e5 13. Rfd1 Qf6 14. Rac1
Nb8 15. Nb5 Qe7 16. dxe5 dxe5 17. Ba3 c5 18. Nd6 Rd8 19. Bxc5 Qf6 20. Ne4
Rxd1+ 21. Qxd1 Qc6 22. Qd8+ Bf8 23. Qxf8# { Black checkmated } 1-0

[Event "ICC tourney 2349 (60 10)"]
[Site "Internet Chess Club"]
[Date "2021.01.30"]
[Round "1"]
[White "SimonMango"]
[Black "RohanKrishna"]
[Result "0-1"]
[ICCResult "White checkmated"]
[WhiteElo "1149"]
[BlackElo "1703"]
[Opening "Sicilian: Grand Prix attack"]
[ECO "B23"]
[NIC "SI.44"]
[Time "10:06:13"]
[PlyCount "32"]
[TimeControl "3600+10"]

1. e4 c5 2. Nc3 Nc6 3. f4 e6 4. Nf3 d5 5. e5 Nh6 6. Bb5 Bd7 7. O-O a6 8.
Bxc6 Bxc6 9. d4 Qb6 10. Kh1 Nf5 11. dxc5 Bxc5 12. Rb1 h5 13. Bd2 h4 14. Re1
Ng3+ 15. hxg3 hxg3+ 16. Nh2 Rxh2# { White checkmated } 0-1

[Event "ICC tourney 2349 (60 10)"]
[Site "Internet Chess Club"]
[Date "2021.01.30"]
[Round "1"]
[White "Alycatheawesome"]
[Black "speedyplot"]
[Result "0-1"]
[ICCResult "White resigns"]
[WhiteElo "1411"]
[BlackElo "1855"]
[Opening "Queen's pawn: London system"]
[ECO "A45"]
[NIC "QP.07"]
[Time "10:06:29"]
[PlyCount "118"]
[TimeControl "3600+10"]

1. d4 Nf6 2. Bf4 g6 3. Nc3 d5 4. Qd2 Bg7 5. Nf3 c6 6. g3 Bf5 7. Bg2 Nbd7 8.
O-O O-O 9. Bh6 Re8 10. Bxg7 Kxg7 11. Ng5 h6 12. e4 dxe4 13. Ngxe4 Nxe4 14.
Nxe4 Qc7 15. c4 Rad8 16. Rac1 Nb6 17. b3 Qb8 18. Nc3 e5 19. d5 cxd5 20.
Nxd5 Nxd5 21. Bxd5 b5 22. Qe3 bxc4 23. bxc4 Qc7 24. Bg2 Rd3 25. Qe2 Qa5 26.
Rfd1 Red8 27. Bd5 Rxd1+ 28. Rxd1 Qc7 29. Re1 f6 30. g4 Bc8 31. h3 Ba6 32.
Qe4 Rb8 33. Rc1 Qc5 34. Qe3 Qxe3 35. fxe3 Kf8 36. c5 Ke7 37. c6 Kd6 38. Be4
g5 39. Bf5 Kc7 40. Be4 Bb5 41. Rc5 Rb6 42. a4 Bxc6 43. a5 Ra6 44. Bd3 Kd6
45. Rxe5 fxe5 46. Bxa6 Kc5 47. Bf1 Kb4 48. a6 Bb5 49. Bxb5 Kxb5 50. Kf2
Kxa6 51. Kf3 Kb5 52. Ke4 a5 53. Kxe5 a4 54. Kd4 Kb4 55. Kd3 Kb3 56. e4 a3
57. e5 a2 58. e6 a1=Q 59. e7 Qe1 { White resigns } 0-1

[Event "ICC tourney 2349 (60 10)"]
[Site "Internet Chess Club"]
[Date "2021.01.30"]
[Round "1"]
[White "Icecream232"]
[Black "zsanwal"]
[Result "0-1"]
[ICCResult "White resigns"]
[WhiteElo "1661"]
[BlackElo "922"]
[Opening "Scotch game"]
[ECO "C45"]
[NIC "SO.05"]
[Time "10:24:39"]
[PlyCount "102"]
[TimeControl "3600+10"]

1. e4 e5 2. Nf3 Nc6 3. d4 exd4 4. Nxd4 Bc5 5. Be3 Nxd4 6. Bxd4 Bxd4 7. Qxd4
Nf6 8. e5 Qe7 9. Be2 c5 10. Qe3 Nd5 11. Qe4 Nb4 12. a3 d5 13. Bb5+ Bd7 14.
Bxd7+ Qxd7 15. Qe2 Nc6 16. O-O O-O 17. Nc3 Rfe8 18. Rad1 d4 19. Na4 Rxe5
20. Qc4 Na5 21. Nxc5 Qc6 22. Qxd4 Qxc5 23. Qxc5 Rxc5 24. b4 Rxc2 25. bxa5
Rc5 26. Rd7 Rxa5 27. Rxb7 Rxa3 28. h3 h6 29. Rc1 a5 30. Rcc7 Rf8 31. Ra7
Kh7 32. Rxf7 Rxf7 33. Rxf7 Kg6 34. Ra7 Kf6 35. Kf1 Kg6 36. Ke2 Kf6 37. Kd1
Kg6 38. Ke2 Ra2+ 39. Kf3 a4 40. Kg3 a3 41. Ra6+ Kf5 42. Kf3 Ra1 43. Ra5+
Kg6 44. Kg4 a2 45. Ra6+ Kh7 46. Kf3 Kh8 47. Ke2 Kh7 48. Kd2 Kg8 49. g3 Kf7
50. Kc2 Rf1 51. f4 a1=Q { White resigns } 0-1

[Event "ICC tourney 2349 (60 10)"]
[Site "Internet Chess Club"]
[Date "2021.01.30"]
[Round "1"]
[White "anan193"]
[Black "nicochasin"]
[Result "0-1"]
[ICCResult "White resigns"]
[WhiteElo "1626"]
[BlackElo "2432"]
[Opening "Benkö gambit: Ne2 variation"]
[ECO "A58"]
[NIC "BI.41"]
[Time "10:06:24"]
[PlyCount "90"]
[TimeControl "3600+10"]

1. d4 Nf6 2. c4 c5 3. d5 b5 4. cxb5 a6 5. bxa6 Bxa6 6. Nc3 g6 7. e4 Bxf1 8.
Kxf1 d6 9. Nge2 Bg7 10. Qd3 O-O 11. a3 Nbd7 12. h3 Ne5 13. Qc2 e6 14. f4
Nc4 15. b3 Nb6 16. dxe6 fxe6 17. g3 d5 18. e5 Ne8 19. Na4 Nxa4 20. bxa4
Bxe5 21. Rb1 Bd6 22. Kg2 Qd7 23. Nc3 Nf6 24. Re1 Rfe8 25. Nb5 d4 26. Bb2
Nd5 27. Kh2 g5 28. Nxd6 Qxd6 29. fxg5 Ne3 30. Qe4 Qd5 31. Qxd5 exd5 32. Kg1
d3 33. Bc1 Nc4 34. Rd1 Ne5 35. Bf4 c4 36. Kf2 Rxa4 37. Re1 c3 38. Rxe5 Rxe5
39. Rb8+ Kf7 40. Bxe5 c2 41. Rb7+ Ke6 42. Bf4 Rxf4+ 43. gxf4 c1=Q 44. Rb6+
Kf5 45. Kf3 Qxf4+ { White resigns } 0-1

[Event "ICC tourney 2349 (60 10)"]
[Site "Internet Chess Club"]
[Date "2021.01.30"]
[Round "1"]
[White "guineapig25"]
[Black "sylviem"]
[Result "1-0"]
[ICCResult "Black checkmated"]
[WhiteElo "2044"]
[BlackElo "1519"]
[Opening "Sicilian: dragon variation"]
[ECO "B70"]
[NIC "SI.15"]
[Time "10:06:09"]
[PlyCount "99"]
[TimeControl "3600+10"]

1. e4 c5 2. Nf3 d6 3. d4 cxd4 4. Nxd4 Nf6 5. Nc3 g6 6. Be2 Bg7 7. O-O O-O
8. Bg5 Nc6 9. Nb3 Bd7 10. Kh1 Rc8 11. f4 Qb6 12. Bxf6 Bxf6 13. Nd5 Qd8 14.
Nxf6+ exf6 15. Qxd6 Re8 16. Bf3 f5 17. e5 Qc7 18. Rfd1 Red8 19. Qxc7 Rxc7
20. c3 Rdc8 21. Rd6 Ne7 22. Rad1 Bc6 23. Bxc6 Nxc6 24. Rd7 h5 25. g3 Kf8
26. Kg2 Ke8 27. Rxc7 Rxc7 28. Kf3 Rd7 29. Rxd7 Kxd7 30. Nc5+ Kc7 31. b4 b6
32. Nb3 Ne7 33. c4 Nc6 34. a3 Kd7 35. Ke3 Kc7 36. Nd4 Nxd4 37. Kxd4 Kc6 38.
b5+ Kc7 39. c5 Kd7 40. c6+ Kc7 41. Kd5 Kc8 42. Kd6 Kd8 43. c7+ Kc8 44. h4
g5 45. hxg5 h4 46. gxh4 a6 47. bxa6 b5 48. a7 Kb7 49. c8=Q+ Kxc8 50. a8=Q#
{ Black checkmated } 1-0

[Event "ICC tourney 2349 (60 10)"]
[Site "Internet Chess Club"]
[Date "2021.01.30"]
[Round "1"]
[White "danh07"]
[Black "concretesteve1"]
[Result "1-0"]
[ICCResult "Black checkmated"]
[WhiteElo "1852"]
[BlackElo "1408"]
[Opening "Scotch: Mieses variation"]
[ECO "C45"]
[NIC "SO.04"]
[Time "10:06:09"]
[PlyCount "51"]
[TimeControl "3600+10"]

1. e4 e5 2. Nf3 Nc6 3. d4 exd4 4. Nxd4 Nf6 5. Nxc6 bxc6 6. e5 Nd5 7. c4 Nb6
8. Bd3 d5 9. cxd5 cxd5 10. O-O Bc5 11. Qc2 Qe7 12. Nd2 Bb7 13. Re1 h6 14.
Nb3 Nd7 15. Na5 Bb4 16. e6 fxe6 17. Bg6+ Kf8 18. Nc6 Qc5 19. Nxb4 Qxb4 20.
Rxe6 Qg4 21. Re3 d4 22. f3 Qh4 23. Qb3 Qf6 24. Qxb7 Nb6 25. Qxa8+ Nxa8 26.
Re8# { Black checkmated } 1-0

[Event "ICC tourney 2349 (60 10)"]
[Site "Internet Chess Club"]
[Date "2021.01.30"]
[Round "1"]
[White "Harveyli318"]
[Black "TheChessKid90"]
[Result "0-1"]
[ICCResult "White checkmated"]
[WhiteElo "1704"]
[BlackElo "1210"]
[Opening "Queen's pawn, Mason variation"]
[ECO "D00"]
[NIC "QP.08"]
[Time "10:06:15"]
[PlyCount "98"]
[TimeControl "3600+10"]

1. d4 d5 2. Bf4 c6 3. e3 Bf5 4. c4 e6 5. Nc3 Bd6 6. Bxd6 Qxd6 7. Qb3 b6 8.
Nf3 Nd7 9. Rc1 Ngf6 10. cxd5 Nxd5 11. Nxd5 exd5 12. Ba6 Rb8 13. Be2 O-O 14.
O-O Rfe8 15. Rc3 c5 16. Rfc1 Nf6 17. dxc5 bxc5 18. Qa3 Ne4 19. Rb3 Rxb3 20.
axb3 Qb6 21. Rd1 Nf6 22. Qa4 Bc2 23. Rxd5 Bxb3 24. Qb5 Bxd5 25. Nd2 Qxb5
26. Bxb5 Rb8 27. Bc4 Rxb2 28. Bxd5 Nxd5 29. Nf1 Rb1 30. g3 a5 31. Kg2 a4
32. Nd2 Rb2 33. Nc4 Rc2 34. Na3 Rc3 35. Nb5 Rb3 36. Nd6 a3 37. Nc4 a2 38.
Nd2 a1=Q 39. Nxb3 Qb2 40. Nxc5 Nxe3+ 41. Kf3 Nd5 42. Ne4 Qb3+ 43. Kg2 Qd3
44. Ng5 h6 45. Nf3 Qe4 46. g4 Qxg4+ 47. Kf1 Qxf3 48. h4 Ne3+ 49. Ke1 Qd1# {
White checkmated } 0-1

[Event "ICC tourney 2349 (60 10)"]
[Site "Internet Chess Club"]
[Date "2021.01.30"]
[Round "1"]
[White "lemon365"]
[Black "sushimonster"]
[Result "1-0"]
[ICCResult "Black checkmated"]
[WhiteElo "2034"]
[BlackElo "1510"]
[Opening "Giuoco Pianissimo"]
[ECO "C50"]
[NIC "IG.02"]
[Time "10:06:05"]
[PlyCount "67"]
[TimeControl "3600+10"]

1. e4 e5 2. Nf3 Nc6 3. Bc4 Bc5 4. d3 d6 5. c3 Nf6 6. O-O Bg4 7. a4 h6 8. b4
Nxb4 9. cxb4 Bxb4 10. Qb3 a5 11. Bxf7+ Kf8 12. Bg6 Qe7 13. Nbd2 Nd7 14. Bf5
h5 15. h3 Nc5 16. Qc4 Bxd2 17. hxg4 Bxc1 18. Rfxc1 g6 19. Bxg6 hxg4 20. Ne1
g3 21. fxg3 Qg7 22. Bf5 Qxg3 23. Nf3 Rg8 24. Rc2 Qxf3 25. Rf2 Qf4 26. Rxf4
exf4 27. Rf1 Ke7 28. Rxf4 Raf8 29. Rh4 Rg5 30. d4 Rfg8 31. g4 Nxe4 32. Rh7+
Ke8 33. Qe6+ Kd8 34. Qd7# { Black checkmated } 1-0

[Event "ICC tourney 2349 (60 10)"]
[Site "Internet Chess Club"]
[Date "2021.01.30"]
[Round "1"]
[White "IcePotato"]
[Black "aarm2008"]
[Result "0-1"]
[ICCResult "White checkmated"]
[WhiteElo "1298"]
[BlackElo "1709"]
[Opening "Budapest defense"]
[ECO "A52"]
[NIC "QG.01"]
[Time "10:06:12"]
[PlyCount "166"]
[TimeControl "3600+10"]

1. d4 Nf6 2. c4 e5 3. dxe5 Ng4 4. Nc3 Nxe5 5. e4 Bb4 6. Bf4 Bxc3+ 7. bxc3
Nbc6 8. Nf3 Ng6 9. Bg3 d6 10. Be2 O-O 11. O-O Qe7 12. Qc2 f5 13. exf5 Bxf5
14. Bd3 Bxd3 15. Qxd3 Nge5 16. Nxe5 Nxe5 17. Bxe5 Qxe5 18. Qd5+ Qxd5 19.
cxd5 Rf5 20. c4 b5 21. cxb5 Rxd5 22. a4 a6 23. bxa6 Rxa6 24. Rfc1 c6 25. h3
Rda5 26. Rc4 d5 27. Rd4 Kf7 28. Kf1 Ke6 29. Ke2 c5 30. Rh4 h6 31. Rg4 g5
32. h4 Kf5 33. Kf3 d4 34. hxg5 hxg5 35. Re4 Rxa4 36. Rxa4 Rxa4 37. g4+ Kf6
38. Re1 d3 39. Ke3 c4 40. Kd4 c3+ 41. Kxc3 Rxg4 42. Kxd3 Rg2 43. Rf1 Kf5
44. Ke3 g4 45. Kd3 Kf4 46. Ke2 Ke4 47. Re1 Kf4 48. Kf1 Rh2 49. Kg1 Rh3 50.
Kg2 Rc3 51. Rf1 Rc2 52. Kh2 Kf3 53. Kg1 Rb2 54. Kh1 Rxf2 55. Rg1 Re2 56.
Rf1+ Kg3 57. Rg1+ Kh3 58. Rf1 Rd2 59. Kg1 g3 60. Re1 Rf2 61. Rd1 Ra2 62.
Rf1 Ra3 63. Re1 Kg4 64. Re4+ Kf3 65. Re1 Rd3 66. Rf1+ Kg4 67. Ra1 Rd2 68.
Ra4+ Kh3 69. Ra1 Rg2+ 70. Kf1 Kh2 71. Ra8 Rg1+ 72. Ke2 Kg2 73. Ra2 Rf1 74.
Ke3+ Kg1 75. Re2 g2 76. Kd3 Kh1 77. Re8 Rf3+ 78. Kd2 g1=Q 79. Rh8+ Kg2 80.
Rg8+ Rg3 81. Rxg3+ Kxg3 82. Ke2 Qd4 83. Kf1 Qf2# { White checkmated } 0-1

[Event "ICC tourney 2349 (60 10)"]
[Site "Internet Chess Club"]
[Date "2021.01.30"]
[Round "1"]
[White "danilattack"]
[Black "Pandemonium06"]
[Result "1-0"]
[ICCResult "Black resigns"]
[WhiteElo "1785"]
[BlackElo "1378"]
[Opening "Dutch with c4 & Nc3"]
[ECO "A85"]
[NIC "HD.05"]
[Time "10:06:33"]
[PlyCount "65"]
[TimeControl "3600+10"]

1. d4 f5 2. c4 Nf6 3. Nc3 e6 4. g3 Be7 5. Bg2 O-O 6. Bf4 d6 7. Qd2 Nc6 8.
d5 Na5 9. b3 e5 10. Be3 b6 11. f4 Rb8 12. Nf3 e4 13. Nd4 Ng4 14. Nd1 Nxe3
15. Nxe3 Kh8 16. b4 g5 17. bxa5 gxf4 18. gxf4 Bh4+ 19. Kd1 Qe8 20. Nc6 Ra8
21. Bh3 Qh5 22. Rb1 Bf6 23. Bg2 Qh6 24. Nc2 Rg8 25. e3 Bd7 26. N2d4 Rg7 27.
Kc2 Rag8 28. Bf1 bxa5 29. h4 Bxh4 30. Qh2 Rg4 31. Be2 Bc8 32. Bxg4 Rxg4 33.
Rb8 { Black resigns } 1-0

[Event "ICC tourney 2349 (60 10)"]
[Site "Internet Chess Club"]
[Date "2021.01.30"]
[Round "1"]
[White "SAsameer"]
[Black "nikhilthota"]
[Result "0-1"]
[ICCResult "White checkmated"]
[WhiteElo "1393"]
[BlackElo "1844"]
[Opening "Queen's bishop game"]
[ECO "D00"]
[NIC "QP.08"]
[Time "10:06:02"]
[PlyCount "124"]
[TimeControl "3600+10"]

1. d4 d5 2. Bf4 Nf6 3. Nf3 c5 4. e3 Nc6 5. c3 e6 6. Bd3 Be7 7. Nbd2 O-O 8.
Ne5 c4 9. Bc2 Nxe5 10. dxe5 Nd7 11. Qh5 g6 12. Qh6 Re8 13. h4 Bf8 14. Qg5
Qxg5 15. hxg5 Bg7 16. Nf3 b5 17. Ke2 a5 18. e4 Bb7 19. Ke3 b4 20. exd5 Bxd5
21. Ba4 Red8 22. Bxd7 Rxd7 23. Rhd1 Rad8 24. Rd4 Bf8 25. Ke2 Bxf3+ 26. gxf3
Rxd4 27. cxd4 Rxd4 28. Be3 Rd8 29. Bb6 Ra8 30. Rc1 Be7 31. f4 Ra6 32. Bc7
b3 33. a3 Bxa3 34. bxa3 b2 35. Rb1 c3 36. Kd3 Rc6 37. Kc2 Rxc7 38. Rd1 Rb7
39. f3 a4 40. Re1 Rb3 41. Rd1 Rxa3 42. Rd8+ Kg7 43. Rb8 Ra1 44. Rxb2 cxb2
45. Kxb2 Rf1 46. Ka3 Rxf3+ 47. Kxa4 Rxf4+ 48. Kb3 Re4 49. Kc3 Rxe5 50. Kd3
Rxg5 51. Ke3 Rf5 52. Ke4 h5 53. Ke3 h4 54. Kd4 h3 55. Ke4 h2 56. Ke3 h1=Q
57. Ke2 Qf1+ 58. Ke3 Re5+ 59. Kd4 Qf4+ 60. Kd3 Re3+ 61. Kd2 Qf2+ 62. Kd1
Re1# { White checkmated } 0-1

[Event "ICC tourney 2349 (60 10)"]
[Site "Internet Chess Club"]
[Date "2021.01.30"]
[Round "1"]
[White "niftyfountain"]
[Black "TeeKay2020"]
[Result "1/2-1/2"]
[ICCResult "Game drawn by mutual agreement"]
[WhiteElo "1357"]
[BlackElo "1763"]
[Opening "French: Tarrasch, closed variation, main line"]
[ECO "C06"]
[NIC "FR.17"]
[Time "10:06:08"]
[PlyCount "63"]
[TimeControl "3600+10"]

1. e4 e6 2. d4 d5 3. Nd2 Nf6 4. e5 Nfd7 5. Bd3 c5 6. c3 Nc6 7. Ne2 cxd4 8.
cxd4 f6 9. exf6 Nxf6 10. O-O Bd6 11. h3 Qc7 12. Nf3 O-O 13. Nc3 a6 14. Re1
e5 15. dxe5 Nxe5 16. Nxe5 Bxe5 17. Bd2 Bd4 18. Rf1 Qe5 19. Qe2 Qd6 20. Rae1
Kh8 21. Be3 Bxe3 22. fxe3 Bd7 23. e4 dxe4 24. Nxe4 Qd4+ 25. Nf2 Rae8 26.
Qc2 Nd5 27. Rxe8 Bxe8 28. Qe2 Nf4 29. Qe4 Qxe4 30. Bxe4 Bc6 31. Bxc6 bxc6
32. Re1 { Game drawn by mutual agreement } 1/2-1/2

[Event "ICC tourney 2349 (60 10)"]
[Site "Internet Chess Club"]
[Date "2021.01.30"]
[Round "1"]
[White "ScorpianFire7"]
[Black "RogerZ"]
[Result "0-1"]
[ICCResult "White resigns"]
[WhiteElo "1501"]
[BlackElo "1930"]
[Opening "Sicilian defense"]
[ECO "B40"]
[NIC "SI.43"]
[Time "10:06:00"]
[PlyCount "94"]
[TimeControl "3600+10"]

1. e4 c5 2. Nf3 e6 3. c3 Nf6 4. e5 Nd5 5. d4 cxd4 6. cxd4 Nc6 7. Bc4 d6 8.
Bxd5 exd5 9. O-O dxe5 10. dxe5 Be7 11. Re1 O-O 12. Nd4 Nxd4 13. Qxd4 Be6
14. Nc3 b6 15. Bf4 Bc5 16. Qd2 d4 17. Ne4 Bf5 18. Nxc5 bxc5 19. Rac1 Rc8
20. b3 Qb6 21. Bg3 Rfd8 22. f4 Rd5 23. h3 Qg6 24. Kh2 Qa6 25. Bf2 h5 26.
Rc4 Rdd8 27. Rec1 Qb6 28. b4 cxb4 29. Bxd4 Rxd4 30. Rxc8+ Bxc8 31. Rxc8+
Kh7 32. Qc2+ Qg6 33. g3 Qxc2+ 34. Rxc2 a5 35. h4 Rd5 36. Re2 a4 37. Rb2 Rb5
38. Kg2 b3 39. axb3 axb3 40. Kf3 Kg6 41. Ke3 Kf5 42. Kf3 Rb4 43. Kg2 Ke4
44. Kf2 Kd3 45. f5 Kc3 46. e6 Kxb2 47. e7 Re4 { White resigns } 0-1